 Dungeon Crawl Stone Soup version 0.17-a0-377-gdd46233 (webtiles) character file.

2 Ryushun the Grave Robber (level 1, 0/13 HPs)
             Began as a Formicid Necromancer on Apr 1, 2015.
             Slain by a hobgoblin
             ... wielding a +0 club
              (1 damage)
             ... on level 1 of the Dungeon.
             The game lasted 00:01:24 (310 turns).

Ryushun the Grave Robber (Formicid Necromancer)      Turns: 310, Time: 00:01:24

Health: 0/13       AC:  3    Str: 12    XL:     1   Next: 44%
Magic:  3/3        EV: 11    Int: 14    God:
Gold:   5          SH:  0    Dex: 11    Spells: 2 memorised, 2 levels left

rFire  . . .     SeeInvis +     f - +0 mace
rCold  . . .     Clarity  .     e - +0 leather armour
rNeg   . . .     SustAb   .     (no shield)
rPois  .         Gourm    .     (helmet unavailable)
rElec  .         Spirit   .     (no cloak)
rCorr  .         Warding  .     (no gloves)
rMut   .         Stasis   +     (no boots)
MR     .....                    (no amulet)
Stlth  ++........               (no ring)
                                (no ring)

@: not resistant to hostile enchantments, unstealthy
A: permanent stasis, dig shafts and tunnels, four strong arms, antennae 3
a: Dig, Shaft Self


You were on level 1 of the Dungeon.
You were not hungry.

You visited 1 branch of the dungeon, and saw 1 of its levels.

You collected 5 gold pieces.

Inventory:

Hand weapons
 f - a +0 mace (weapon)
Armour
 a - a +0 robe
 e - a +0 leather armour (worn)
Books
 b - a book of Necromancy

   Spells                             Type                      Level
   a - Pain                           Necromancy                   1
   b - Animate Skeleton               Necromancy                   1
   c - Vampiric Draining              Necromancy                   3
   d - Regeneration                   Charms/Necromancy            3
   e - Animate Dead                   Necromancy                   4
   f - Control Undead                 Necromancy                   4
Comestibles
 c - 2 bread rations
 d - a royal jelly
 g - a chunk of flesh


   Skills:
 + Level 0.2 Armour
 + Level 1.7 Dodging
 + Level 2.4 Stealth
 + Level 2.1 Spellcasting
 + Level 4.1 Necromancy


You had 2 spell levels left.
You knew the following spells:

 Your Spells              Type           Power        Failure   Level  Hunger
a - Pain                  Necr           ##..         8%          1    #......
b - Animate Skeleton      Necr           N/A          8%          1    #......


Dungeon Overview and Level Annotations

Branches:
Dungeon (1/15)

Altars:


Innate Abilities, Weirdness & Mutations

You are under a permanent stasis effect.
You can dig through walls and to a lower floor.
Your four strong arms can wield two-handed weapons with a shield.
You have a pair of large antennae on your head (SInv).


Message History

The kobold barely misses your kobold skeleton.
Your kobold skeleton closely misses the kobold.
The hobgoblin barely misses you.
The kobold hits your kobold skeleton with a club.
Your kobold skeleton hits the kobold.
You barely miss the hobgoblin.
The hobgoblin is severely wounded.
The hobgoblin hits you with a club.
* * * LOW HITPOINT WARNING * * *
The kobold hits your kobold skeleton but does no damage.
Your kobold skeleton closely misses the kobold.
The kobold hits your kobold skeleton with a club.
Your kobold skeleton is destroyed!
Wield which item (- for none, * to show all)? (? for menu, Esc to quit)
f - a +0 mace (weapon)
The hobgoblin hits you but does no damage.
You completely miss the hobgoblin.
The hobgoblin is severely wounded.
The hobgoblin hits you with a club.
You die...

.8.P≈#..####.......###........##
..≈≈≈#...###.......# ##......##
.P≈≈###..Z.#.......# ##....##
≈≈≈##.##.#.........# ######
≈≈##..##.###Z.....## ###...##.#
##...#### .........####......#
##.#...........###.#
#.#####..###...@g.## #.#
#.......##K..# #.#
#.##............# #.#
#.#..#..##....#... #.#
#...#..######..### #.# ##..#.##
#.# #.# #..#.# .# #.# ...#.# #
.##...#


You could see a hobgoblin and a kobold.

Vanquished Creatures
  A kobold (D:1)
  A rat (D:1)
2 creatures vanquished.

Vanquished Creatures (collateral kills)
  A rat (D:1)
1 creature vanquished.

Vanquished Creatures (others)
  A kobold skeleton (D:1)
  A rat skeleton (D:1)
2 creatures vanquished.

Grand Total: 5 creatures vanquished

Notes
Turn   | Place    | Note
--------------------------------------------------------------
     0 | D:1      | Ryushun, the Formicid Necromancer, began the quest for the Orb.
     0 | D:1      | Reached XP level 1. HP: 13/13 MP: 3/3
    20 | D:1      | Learned a level 1 spell: Animate Skeleton
   310 | D:1      | Slain by a hobgoblin

Action                   || total
-------------------------++-------
Melee: Unarmed           ||    37
       Mace              ||     1
 Cast: Animate Skeleton  ||     2
       Pain              ||     1
